 Dungeon Crawl Stone Soup version 0.19-a0-1008-g4c63d25 (webtiles) character file.

47 Gruud the Insei (level 3, 0/26 HPs)
             Began as a Demonspawn Transmuter on July 23, 2016.
             Slain by a gnoll
             ... wielding a +0 flail
              (9 damage)
             ... on level 2 of the Dungeon.
             The game lasted 00:02:59 (1138 turns).

Gruud the Insei (Demonspawn Transmuter)             Turns: 1138, Time: 00:03:00

Health: 0/26       AC:  4    Str: 10    XL:     3   Next: 48%
Magic:  5/6        EV: 12    Int: 14    God:
Gold:   57         SH:  0    Dex: 14    Spells: 2 memorised, 3 levels left

rFire  . . .     SeeInvis .       - Unarmed
rCold  . . .     Gourm    .     b - +0 robe
rNeg   . . .     Faith    .     (no shield)
rPois  .         Spirit   .     (no helmet)
rElec  .         Dismiss  .     (no cloak)
rCorr  .         Reflect  .     (no gloves)
SustAt .         Harm     .     (no boots)
MR     .....                    (no amulet)
Stlth  +.........               (no ring)
                                (no ring)

@: not resistant to hostile enchantments, very unstealthy
A: yellow scales 1
a: no special abilities


You were on level 2 of the Dungeon.
You were very hungry.

You visited 1 branch of the dungeon, and saw 2 of its levels.

You collected 57 gold pieces.

Inventory:

Missiles
 a - 37 arrows
 f - 8 tomahawks (quivered)
Armour
 b - a +0 robe (worn)
Scrolls
 h - a scroll of blinking {unknown}
 i - a scroll of identify {unknown}
Potions
 e - a potion of beneficial mutation {unknown}
 j - a potion of might {unknown}
 k - a potion of invisibility {unknown}
 l - a potion of haste {unknown}
Books
 c - a book of Changes

   Spells                             Type                      Level
   a - Beastly Appendage              Transmutation                1
   b - Sticks to Snakes               Transmutation                2
   c - Spider Form                    Transmutation/Poison         3
   d - Ice Form                       Ice/Transmutation            4
   e - Blade Hands                    Transmutation                5
Comestibles
 d - 2 bread rations
 g - a fruit
 m - a beef jerky
 n - a chunk of flesh


   Skills:
 - Level 1.0 Fighting
 - Level 1.7 Dodging
 * Level 3.8 Unarmed Combat
 - Level 2.0 Spellcasting
 + Level 2.2 Transmutations


You had 3 spell levels left.
You knew the following spells:

 Your Spells              Type           Power        Failure   Level  Hunger
a - Beastly Appendage     Tmut           #.....       12%         1    ##.....
b - Sticks to Snakes      Tmut           #.......     17%         2    ###....


Dungeon Overview and Level Annotations

Branches:
Dungeon (2/15)

Altars:


Innate Abilities, Weirdness & Mutations

You are partially covered in yellow scales. (AC +2)


Message History

Your adder bites the gnoll.
The gnoll barely misses you.
Your adder bites the gnoll but does no damage.
You hit the gnoll but do no damage.
The gnoll is heavily wounded.
The gnoll hits you with a flail!
Your adder barely misses the gnoll.
You hit the gnoll.
The gnoll is heavily wounded.
Your adder barely misses the gnoll.
The gnoll hits you but does no damage.
You hit the gnoll.
The gnoll is severely wounded.
Your adder barely misses the gnoll.
A goblin comes into view. It is wielding a club.
You barely miss the gnoll.
The gnoll is almost dead.
Your adder bites the gnoll but does no damage.
The gnoll barely misses you.
You barely miss the gnoll.
The gnoll is almost dead.
Your adder barely misses the gnoll.
The gnoll hits you with a flail!
You die...

+.# ......... #.# .........
#.# ##........
#.#########.........
########...................
.........####..............
........## #..###.........
..<.....######.###rĂ·.......
................@g#........
.................S##.......
..................# ##.....
##..##............# .g...
#8..8#............## ....
..>.........(....... ...
.......#.......(g.#. ...
#8..8###............
##..####....<......#


You could see a gnoll, a goblin, a rat and a friendly adder.

Vanquished Creatures
  3 dart slugs (D:1)
  2 giant geckos (D:2)
  3 giant cockroaches (D:1)
  A goblin (D:1)
  5 hobgoblins (D:1)
  3 jackals (D:1)
  5 bats
  2 giant newts (D:1)
  A kobold (D:2)
  8 rats (D:1)
33 creatures vanquished.

Vanquished Creatures (collateral kills)
  An adder (D:2)
  A bat (D:2)
2 creatures vanquished.

Grand Total: 35 creatures vanquished

Notes
Turn   | Place    | Note
-------+----------+-------------------------------------------
     0 | D:1      | Gruud the Demonspawn Transmuter began the quest for the Orb.
     0 | D:1      | Reached XP level 1. HP: 15/15 MP: 3/3
    47 | D:1      | Reached skill level 3 in Unarmed Combat
   210 | D:1      | Gained mutation: You are partially covered in yellow scales. (AC +2) [demonic ancestry]
   210 | D:1      | Reached XP level 2. HP: 21/21 MP: 3/5
   282 | D:1      | Learned a level 2 spell: Sticks to Snakes
   626 | D:1      | Reached XP level 3. HP: 25/26 MP: 6/6
  1138 | D:2      | Slain by a gnoll

Vault maps used:
D:1:      onia_arrival_mini_maze
D:2:      overflow_temple_1_default, first_bread, st_stairs_6,
          kennysheep_generic_room_11

Skill      XL: |  1  2 |
---------------+-------+-----
Unarmed Combat | 3 |  3.8
Transmutations | 2 |  2.2
Fighting       | |  1.0
Dodging        | |  1.7
Spellcasting   | |  2.0

Action                   || total
-------------------------++-------
Melee: Unarmed           ||   116
       Headbutt          ||     2
       Kick              ||    14
       Punch             ||     1
 Cast: Beastly Appendage ||    14
       Sticks to Snakes  ||     1
 Stab: Sleeping          ||     1
Armor: Robe              ||    32
Dodge: Dodged            ||    85
